Map: Jagannatha LE

Players

Cheater 2 (Insane)

  • Race: Zerg Zerg
  • Spawn Location: 1:00

Cheater 1 (Insane)

  • Race: Protoss Protoss
  • Spawn Location: 7:00

Event: TSL 6

VOD

Have the link to the VOD?

Description

Time

  • Played on: Dec. 12, 2020, 9:39 a.m.
  • Length: 9:13

All games in this series

Show
View Real Time Build Order
Export as new Build Order

Cheater 2 (Insane) Zerg 

Build Orders: Pool First, Zergling Baneling 

Get SALT Encoding   

  12  0:00  Drone  
  13  0:07  Drone  
  14  0:16  Overlord  
  14  0:31  Spawning Pool  
  14  0:32  Extractor  
  14  0:34  Drone  
  13  0:38  Drone  
  13  0:41  Drone  
  15  1:15  Hatchery  
  15  1:18  Queen  
  14  1:21  Zergling x2  
  14  1:23  Zergling x2  
  18  1:27  Drone  
  18  1:31  Zergling x2  
  20  1:42  Zergling x2  
  21  1:51  Baneling Nest  
  21  1:53  Drone  
  21  2:03  Zergling x2  
  22  2:15  Overlord  
  22  2:26  Zergling x8  
  22  2:29  Overlord  
  26  2:34  Baneling x7  
  26  2:36  Baneling  
  26  2:37  Zergling x2  
  26  2:39  Zergling x2  
  28  2:48  Zergling x4  
  30  2:56  Zergling x2  
  30  2:57  Zergling x4  
  33  2:58  Zergling x2  
  33  3:00  Zergling x2  
  35  3:09  Zergling x2  
  36  3:13  Zergling x2  
  36  3:14  Baneling  
  36  3:18  Baneling  
  36  3:19  Baneling x2  
  37  3:20  Zergling x2  
  37  3:22  Overlord  
  38  3:29  Drone x2  
  38  3:32  Drone  
  41  3:34  Drone  
  41  3:37  Drone  
  43  3:41  Drone  
  43  3:44  Drone  
  45  3:55  Roach Warren  
  45  4:02  Overlord  
  44  4:06  Lair  
  44  4:19  Drone  
  44  4:21  Drone  
  44  4:22  Drone  
  47  4:25  Drone  
  47  4:26  Drone  
  47  4:28  Drone  
  50  4:32  Overlord  
  50  4:36  Roach, Drone  
  50  4:37  Roach  
  55  4:41  Roach  
  57  4:49  Extractor  
  57  4:50  Overlord, Roach, Drone  
  57  4:52  Extractor  
  58  4:57  Drone  
  58  4:58  Drone  
  60  5:04  Drone x2  
  60  5:05  Drone  
  60  5:07  Hydralisk Den  
  56  5:08  Drone  
  56  5:09  Infestation Pit  
  56  5:10  Drone  
  50  5:16  Extractor  
  50  5:18  Drone  
  50  5:21  Drone  
  51  5:29  Drone  
  51  5:32  Drone  
  51  5:34  Metabolic Boost  
  51  5:35  Zergling x2, Roach x2  
  58  5:40  Roach  
  60  5:43  Overlord  
  60  5:47  Evolution Chamber  
  59  5:51  Roach  
  59  5:54  Roach  
  63  6:01  Roach  
  65  6:05  Roach  
  65  6:07  Roach x2, Drone  
  72  6:11  Hydralisk  
  72  6:14  Zerg Melee Weapons Level 1  
  72  6:16  Drone  
  75  6:23  Drone  
  76  6:27  Hydralisk  
  78  6:33  Hydralisk  
  78  6:35  Evolution Chamber  
  78  6:38  Hydralisk  
  78  6:39  Roach, Drone, Evolution Chamber  
  83  6:44  Drone  
  84  6:50  Overlord  
  84  6:59  Glial Reconstitution  
  84  7:00  Zerg Ground Armor Level 1  
  84  7:03  Spine Crawler, Drone, Overseer  
  84  7:04  Pneumatized Carapace  
  84  7:05  Zerg Missile Weapons Level 1  
  84  7:08  Spine Crawler, Drone x2  
  82  7:11  Zergling x2, Overlord, Roach  
  82  7:12  Zergling x2  
  86  7:16  Drone  
  78  7:22  Drone  
  78  7:27  Drone  
  76  7:33  Drone, Overseer  
  76  7:34  Lurker Den  
  76  7:38  Drone  
  76  7:42  Infestor, Hydralisk  
  76  7:43  Zergling x2  
  79  7:45  Zergling x2  
  79  7:46  Queen  
  79  7:47  Ravager  
  79  7:48  Hydralisk  
  85  7:55  Overlord  
  82  8:06  Hydralisk  
  79  8:13  Infestor  
  79  8:14  Zergling x4  
  79  8:17  Hydralisk  
  72  8:28  Hydralisk  
  66  8:39  Zergling x2  
  56  8:45  Hydralisk, Drone  
  56  8:46  Zergling x2  
Show
View Real Time Build Order
Export as new Build Order

Cheater 1 (Insane) Protoss 

Build Orders: Mass Adepts, Zealot Archon 

Get SALT Encoding   

  12  0:01  Probe  
  13  0:13  Probe  
  14  0:20  Pylon  
  14  0:25  Probe  
  15  0:34  Probe  
  15  0:42  Assimilator, Probe  
  16  0:47  Gateway  
  17  0:52  Probe  
  17  0:54  Pylon  
  18  1:00  Probe  
  18  1:08  Probe  
  20  1:18  Probe  
  20  1:23  Gateway  
  21  1:30  Probe  
  22  1:32  Pylon  
  22  1:34  Zealot  
  22  1:37  Cybernetics Core  
  24  1:42  Probe  
  25  1:52  Gateway  
  25  1:55  Probe  
  26  2:01  Zealot  
  26  2:03  Probe  
  26  2:07  Pylon  
  29  2:11  Probe  
  29  2:13  Adept  
  32  2:15  Warp Gate  
  32  2:27  Pylon, Probe  
  32  2:28  Adept  
  35  2:32  Assimilator  
  35  2:38  Adept  
  35  2:42  Adept  
  39  2:47  Pylon, Probe  
  40  2:58  Adept  
  40  3:03  Adept  
  42  3:07  Pylon  
  42  3:08  Adept  
  46  3:28  Adept  
  46  3:33  Adept  
  50  3:36  Robotics Facility  
  50  3:38  Twilight Council, Adept  
  50  3:40  Gateway  
  52  3:45  Nexus  
  52  3:53  Stalker  
  54  4:10  Zealot  
  54  4:13  Pylon  
  54  4:16  Stalker  
  58  4:20  Templar Archives  
  58  4:28  Zealot  
  58  4:30  Zealot  
  62  4:34  Zealot  
  62  4:38  Pylon  
  64  4:39  Sentry  
  66  4:46  Zealot  
  66  4:50  Zealot  
  70  4:54  Stalker  
  70  4:58  Probe  
  73  5:00  Probe, Forge  
  73  5:02  Pylon, High Templar  
  73  5:06  Stalker  
  78  5:07  Assimilator  
  78  5:10  Probe  
  78  5:11  Zealot, High Templar  
  78  5:12  Probe  
  68  5:22  Probe  
  68  5:24  Probe  
  70  5:29  Sentry  
  70  5:31  Assimilator, Zealot  
  70  5:33  Stalker  
  70  5:34  Stalker, Probe  
  79  5:37  Probe  
  79  5:40  Protoss Ground Weapons Level 1  
  80  5:45  Archon  
  80  5:47  Probe  
  80  5:49  Probe  
  82  5:51  Zealot  
  82  5:52  Zealot, Nexus  
  82  5:53  High Templar  
  88  5:57  Zealot  
  88  5:59  Probe  
  88  6:01  Probe  
  92  6:07  Zealot  
  92  6:11  Probe  
  95  6:12  Stalker  
  95  6:13  Pylon, Probe  
  95  6:17  Stalker  
  100  6:21  Zealot  
  100  6:23  Probe  
  103  6:25  Probe, High Templar  
  106  6:34  Pylon  
  106  6:35  Zealot, Probe  
  106  6:38  Probe  
  110  6:40  Zealot  
  110  6:41  Zealot  
  114  6:47  Probe  
  114  6:51  Immortal  
  114  6:52  Probe  
  116  6:55  Zealot, Pylon  
  116  6:58  Zealot  
  116  6:59  Probe  
  116  7:00  Probe  
  125  7:04  Zealot x2, Probe  
  131  7:11  Probe  
  131  7:12  Nexus  
  131  7:13  Zealot  
  128  7:15  Zealot  
  128  7:18  Probe  
  128  7:21  Probe  
  118  7:23  Immortal, Probe  
  118  7:24  Stalker  
  118  7:25  Zealot  
  118  7:28  Zealot  
  109  7:30  Probe  
  109  7:35  Probe  
  109  7:36  Sentry, Probe  
  118  7:43  Probe  
  115  7:45  Stalker  
  115  7:47  Zealot  
  115  7:48  Probe  
  115  7:49  Stalker  
  123  7:53  Immortal  
  123  7:55  Pylon, Probe  
  121  7:59  Adept  
  121  8:00  Probe  
  115  8:07  Stalker  
  115  8:08  Adept, Probe  
  115  8:12  Probe  
  117  8:15  Stalker  
  117  8:17  Probe  
  111  8:20  Stalker  
  111  8:24  Probe  
  107  8:28  Adept  
  107  8:30  Stalker  
  107  8:32  Observer  
  107  8:33  Nexus  
  112  8:35  High Templar  
  108  8:43  Sentry  
  108  8:48  Adept, Probe  
  110  8:50  Probe  
  110  8:51  Probe  
  117  9:01  Probe  
  119  9:03  Stalker  
  119  9:04  Forge  
  119  9:06  Stalker  
  119  9:08  Stalker  
  126  9:10  Stalker  
Tags
 
Add a new tag
Caveats
  • Supply blocks, unpowered buildings, or Contaminate may cause inaccurate times.
  • Supply counts are checked every 10 seconds.